Map: Site Delta LE

Players

LiquidClem (Clem)

  • Race: Terran Terran
  • League: Grandmaster
  • Spawn Location: 11:00

MaxPax - Winner!

  • Race: Protoss Protoss
  • League: Grandmaster
  • Spawn Location: 5:00

VOD

Have the link to the VOD?

Description

Time

  • Played on: Oct. 9, 2023, 3:40 p.m.
  • Length: 5:40
Show
View Real Time Build Order
Export as new Build Order

LiquidClem Terran 

Build Orders: Reaper Expand 

Get SALT Encoding   

  12  0:00  SCV  
  13  0:12  SCV  
  14  0:17  Supply Depot  
  14  0:25  SCV  
  15  0:39  SCV  
  15  0:41  Barracks  
  16  0:43  Refinery  
  16  0:51  SCV  
  17  1:03  SCV  
  18  1:15  SCV  
  19  1:28  Orbital Command, Reaper  
  20  1:45  Command Center  
  20  1:55  SCV, Supply Depot  
  20  1:59  Marine  
  22  2:07  SCV  
  23  2:10  Factory  
  23  2:17  Marine  
  23  2:19  SCV  
  25  2:22  Bunker  
  25  2:27  Refinery  
  25  2:31  SCV  
  25  2:36  Barracks Reactor  
  26  2:43  SCV  
  27  2:54  Hellion  
  27  2:55  SCV, Starport  
  30  3:01  Orbital Command  
  30  3:07  SCV  
  31  3:13  Marine x2  
  31  3:17  Widow Mine  
  35  3:22  SCV, Supply Depot  
  35  3:27  SCV  
  36  3:34  Marine x2  
  36  3:35  SCV  
  36  3:36  Medivac  
  36  3:40  Widow Mine  
  43  3:43  SCV  
  43  3:48  SCV  
  43  3:49  Barracks  
  43  3:55  SCV  
  43  3:56  Marine x2, Supply Depot  
  43  4:00  SCV  
  47  4:02  Factory Tech Lab  
  47  4:07  Starport Tech Lab  
  47  4:08  SCV  
  48  4:12  SCV  
  48  4:14  Marine  
  48  4:15  Barracks  
  50  4:20  SCV  
  50  4:21  Siege Tank  
  54  4:25  SCV  
  54  4:26  Raven  
  54  4:30  Supply Depot, Marine  
  58  4:32  SCV  
  58  4:34  Marine  
  58  4:37  SCV  
  61  4:39  Engineering Bay  
  61  4:44  SCV  
  62  4:49  Refinery  
  62  4:51  Bunker, Marine  
  62  4:52  SCV  
  64  4:53  Siege Tank  
  64  4:57  Supply Depot  
  64  4:58  SCV  
  68  5:04  SCV  
  68  5:07  Marine  
  69  5:13  Supply Depot  
  70  5:16  Refinery  
  70  5:19  Marauder, SCV, Marine x2  
Show
View Real Time Build Order
Export as new Build Order

MaxPax Protoss - Winner!

Build Orders: 1 Gate Expand, Blink Stalkers 

Get SALT Encoding   

  12  0:00  Probe  
  13  0:12  Probe  
  14  0:17  Pylon  
  14  0:24  Probe (Chrono Boost)  
  16  0:36  Gateway, Probe (Chrono Boost)  
  16  0:43  Probe (Chrono Boost)  
  16  0:45  Assimilator  
  17  0:51  Probe  
  18  1:03  Probe  
  19  1:15  Probe  
  20  1:22  Cybernetics Core  
  22  1:31  Nexus  
  20  1:33  Probe  
  21  1:41  Pylon  
  21  1:45  Probe  
  22  1:54  Assimilator  
  22  1:56  Adept (Chrono Boost)  
  22  1:57  Probe  
  22  2:00  Warp Gate  
  25  2:10  Probe  
  26  2:16  Stalker (Chrono Boost)  
  26  2:22  Probe  
  28  2:33  Twilight Council  
  28  2:34  Probe (Chrono Boost)  
  29  2:42  Gateway  
  29  2:44  Probe (Chrono Boost)  
  31  2:52  Probe (Chrono Boost)  
  31  2:54  Probe (Chrono Boost)  
  33  2:58  Probe (Chrono Boost)  
  33  2:59  Probe (Chrono Boost)  
  33  3:05  Blink (Chrono Boost)  
  34  3:10  Probe  
  34  3:11  Probe  
  36  3:22  Probe  
  36  3:23  Probe  
  36  3:24  Robotics Facility  
  38  3:29  Gateway  
  38  3:34  Probe  
  38  3:35  Probe  
  38  3:36  Gateway  
  40  3:46  Probe  
  40  3:47  Probe  
  41  3:50  Pylon  
  41  3:51  Stalker x2  
  45  3:58  Probe  
  45  3:59  Assimilator  
  46  4:08  Probe  
  46  4:09  Warp Prism (Chrono Boost), Pylon  
  47  4:10  Probe  
  50  4:18  Stalker  
  50  4:21  Stalker  
  54  4:28  Stalker  
  54  4:30  Pylon  
  56  4:44  Stalker x3  
  60  4:46  Probe x2  
  62  4:57  Pylon  
  62  5:06  Stalker  
  64  5:07  Stalker x3  
  64  5:11  Pylon  
  66  5:35  Stalker x3  
Tags
 
Add a new tag
Caveats
  • Supply blocks, unpowered buildings, or Contaminate may cause inaccurate times.
  • Supply counts are checked every 10 seconds.